AoeStats
← sebasbe

MegaRandom

504771582Analyzed
1v1 RM · 25d ago on Sep 6, 2026· 29m 3s· 2 players
Game mode
Random Map
Map size
Tiny (2 player)
Population
200
Speed
Normal
Resources
Standard
Victory
Conquest
Starting age
Dark Age
Ending age
Imperial Age
RankedLock teamsTeams togetherTeam positionsShared explorationLock speedFull tech treeHidden civsTurbo modeCheats
Victory
Defeat
🇲🇽 Persians · Mexico
524
+17
🇨🇴 Mongols · Colombia
536
-17
Gambury
0:42 Loom
10:35 Feudal Age
12:36 Wheelbarrow
14:24 Town Watch
14:44 Fishing Lines
15:19 Double-Bit Axe
28:05 Castle Age
26:52 Bloodlines
29:06 Caravan
29:37 Coinage
29:24 Husbandry
sebasbe
2:01 Loom
11:00 Feudal Age
11:38 Double-Bit Axe
11:37 Horse Collar
12:42 Wheelbarrow
13:29 Fishing Lines
17:24 Gold Mining
18:30 Town Watch
23:09 Castle Age
21:26 Bloodlines
21:29 Forging
21:25 Scale Barding Armor
24:08 Bow Saw
24:01 Heavy Plow
28:11 Hand Cart
Connection lost

Rejoining the realm…

Still unreachable

The connection could not be restored.

Session expired

The server has moved on; the page needs a fresh start.